 Dungeon Crawl Stone Soup version 0.16.0-17-g811c1d7 (console) character file.

81 gw the Grasshopper (level 4, -7/21 HPs)
             Began as a Felid Warper on Mar 22, 2015.
             Was an Initiate of Okawaru.
             Mangled by a goliath beetle (28 damage)
             ... on level 3 of the Dungeon.
             The game lasted 00:02:23 (2541 turns).

gw the Grasshopper (Felid Warper)                   Turns: 2541, Time: 00:02:23

Health: -7/21      AC:  1    Str:  7    XL:     4   Next: 19%
Magic:  10/12      EV: 18    Int: 15    God:    Okawaru [......]
Gold:   82         SH:  0    Dex: 15    Spells: 3 memorised, 4 levels left
                                        Lives:  0   Deaths: 1

rFire  . . .     SeeInvis +       - Unarmed
rCold  . . .     Clarity  .     (armour unavailable)
rNeg   . . .     SustAb   .     (shield unavailable)
rPois  .         Gourm    .     (helmet unavailable)
rElec  .         Spirit   .     (cloak unavailable)
rCorr  .         Warding  .     (gloves unavailable)
rMut   .         Stasis   .     (boots unavailable)
MR     +....                    (no amulet)
Stlth  ++........               (no ring)
                                (no ring)

@: shrouded, quick, somewhat resistant to hostile enchantments, unstealthy
A: paw claws, no armour, no weapons or thrown items, fangs 3, see invisible,
carnivore 3, speed 1, magic resistance 1, shaggy fur 1, slow metabolism 1, sharp
paws
a: Renounce Religion


You were on level 3 of the Dungeon.
You worshipped Okawaru.
Okawaru was noncommittal.
You were very full.

You visited 1 branch of the dungeon, and saw 3 of its levels.

You collected 82 gold pieces.

Inventory:

Scrolls
 a - a scroll of random uselessness {unknown}
 d - 2 scrolls of blinking
 h - 3 scrolls of identify
 k - a scroll of remove curse
Potions
 b - a potion of curing
Books
 c - a book of Spatial Translocations

   Spells                             Type                      Level
   a - Apportation                    Translocation                1
   b - Blink                          Translocation                2
   c - Shroud of Golubria             Charms/Translocation         2
   d - Portal Projectile              Translocation                3
   e - Teleport Other                 Translocation                3
   f - Passage of Golubria            Translocation                4
Comestibles
 f - 2 meat rations
 i - 2 beef jerkies


   Skills:
 + Level 3.0 Fighting
 + Level 3.7 Dodging
 + Level 2.7 Unarmed Combat
 * Level 3.3 Spellcasting
 + Level 4.9 Translocations
 + Level 1.0 Invocations


You had 4 spell levels left.
You knew the following spells:

 Your Spells              Type           Power        Failure   Level  Hunger
a - Apportation           Tloc           ###.......   2%          1    None
b - Blink                 Tloc           N/A          4%          2    ##.....
c - Shroud of Golubria    Chrm/Tloc      #.........   12%         2    ##.....


Dungeon Overview and Level Annotations

Branches:
Dungeon (3/15)

Altars:
Nemelex Xobeh
Okawaru


Innate Abilities, Weirdness & Mutations

You cannot wear armour.
You are incapable of wielding weapons or throwing items.
You have razor-sharp teeth.
You have supernaturally acute eyesight.
You are carnivorous and can eat meat at any time.
You cover ground quickly.
You are covered in fur (AC +1).
You have a slow metabolism.
Your paws have sharp claws that are effective at stabbing.
You are resistant to hostile enchantments.


Message History

You bite the goliath beetle, but do no damage.
The goliath beetle is lightly wounded.
The goliath beetle barely misses you.
Unknown command.
Unknown command.
Unknown command.
Unknown command.
ATTACKING (-1,-1)
You scratch the goliath beetle but do no damage.
The goliath beetle is lightly wounded.
Unknown command.
Unknown command.
Unknown command.
Unknown command.
ATTACKING (-1,-1)
You scratch the goliath beetle!
The goliath beetle is heavily wounded.
The goliath beetle bites you!!
Ouch! That really hurt!
You die...

#.######### ###
#.##########.........
.....(................
#.#########..........
<..).#....#....%..(.
.>))(..............
.#......#.#.......#
.....#..# #....B%.#
.#####..#
#.####h######.# ..
...#.............# ##
##########.#######
#.##....# #.##....#
#.##....#
#..#....######
##.#.........#
#.#.........####


You could see a goliath beetle.

Table legend:
 A = Turns spent in this place as a percentage of turns spent in the entire game.
 B = Non-inter-level travel turns spent in this place as a percentage of non-inter-level travel turns spent in the entire game.
 C = Inter-level travel turns spent in this place as a percentage of turns spent in this place.
 D = Turns resting spent in this place as a percentage of non-inter-level travel turns spent in this place.
 E = Turns spent auto-exploring this place as a percentage of non-inter-level travel turns spent in this place.
 F = Non-inter-level travel turns spent in this place divided by the number of levels of this place that you've seen.
                   A       B       C       D       E      F
               +-------+-------+-------+-------+-------+----------------------
         Total | 100.0 | 100.0 |   0.3 |   1.4 |   2.9 | 1274.3
       Dungeon | 100.0 | 100.0 |   0.3 |   1.4 |   2.9 | 1274.3
               +-------+-------+-------+-------+-------+----------------------

Table legend:
 A = Kills in this place as a percentage of kills in entire the game.
 B = Kills by you in this place as a percentage of kills by you in the entire game.
 C = Kills by friends in this place as a percentage of kills by friends in the entire game.
 D = Other kills in this place as a percentage of other kills in the entire game.
 E = Experience gained in this place as a percentage of experience gained in the entire game.
 F = Experience gained in this place divided by the number of levels of this place that you have seen.
                   A       B       C       D       E      F
               +-------+-------+-------+-------+-------+----------------------
         Total | 100.0 | 100.0 |  -nan |  -nan | 100.0 |  70.3
       Dungeon | 100.0 | 100.0 |  -nan |  -nan | 100.0 |  70.3
               +-------+-------+-------+-------+-------+----------------------

Vanquished Creatures
  2 orc wizards (D:3)
  A gnoll (D:1)
  4 adders
  A worm (D:2)
  A giant gecko (D:2)
  3 orcs (D:3)
  A bat (D:1)
  2 giant cockroaches (D:2)
  8 goblins
  8 hobgoblins
  7 kobolds
  A quokka (D:2)
  4 rats
43 creatures vanquished.

Notes
Turn   | Place    | Note
--------------------------------------------------------------
     0 | D:1      | gw, the Felid Warper, began the quest for the Orb.
     0 | D:1      | Reached XP level 1. HP: 9/9 MP: 4/4
   513 | D:1      | Reached XP level 2. HP: 7/13 MP: 6/6
   665 | D:1      | Learned a level 2 spell: Blink
   668 | D:1      | Learned a level 2 spell: Shroud of Golubria
   983 | D:2      | Reached XP level 3. HP: 16/16 MP: 2/8
  1388 | D:2      | Found an iron altar of Okawaru.
  1413 | D:2      | Became a worshipper of Warmaster Okawaru
  1486 | D:2      | Reached XP level 4. HP: 15/20 MP: 9/11
  1782 | D:2      | Gained mutation: You are resistant to hostile enchantments. [potion of beneficial mutation]
  2100 | D:3      | Slain by a goliath beetle
  2101 | D:3      | Reached XP level 3. HP: -5/16 MP: 9/10
  2326 | D:3      | Reached XP level 4. HP: 21/21 MP: 10/12
  2425 | D:3      | Reached skill level 1 in Invocations
  2455 | D:3      | Found a sparkling altar of Nemelex Xobeh.
  2541 | D:3      | Mangled by a goliath beetle

Action                   |  1- 3 |  4- 6 || total
-------------------------+-------+-------++-------
Melee: Unarmed           |    70 |    39 ||   109
 Cast: Shroud of Golubri |    13 |     6 ||    19
  Use: Potion            |     2 |     5 ||     7
       Scroll            |     1 |     3 ||     4
 Stab: Sleeping          |     1 |     1 ||     2
  Eat: Chunk             |     9 |     7 ||    16

Vault maps used:
D:1:      minmay_arrival_nine_rooms
D:2:      okawaru_gym_becter
D:3:      nemelex_deck, overflow_temple_1_default, first_bread, trog_wizard,
          uniq_sigmund
